 Dungeon Crawl Stone Soup version 0.19.4-9-g45fd643 (console) character file.

79132 Grinner the Unseen (level 14, -2/72 HPs)
             Began as a Spriggan Gladiator on Feb 17, 2017.
             Was the Champion of Jiyva.
             Shot with a bolt by a yaktaur captain (23 damage)
             ... on level 15 of the Dungeon on Feb 18, 2017.
             The game lasted 02:33:09 (39537 turns).

Grinner the Unseen (Spriggan Gladiator)            Turns: 39537, Time: 02:33:09

Health: -2/72      AC:  9    Str: 10    XL:     14   Next: 78%
Magic:  32/32      EV: 26    Int: 20    God:    Jiyva [******]
Gold:   689        SH:  4    Dex: 25    Spells: 6 memorised, 7 levels left

rFire  + + .     SeeInvis +     a - +7 lajatang of Order {silver, rMut}
rCold  + + .     Gourm    .     L - +0 robe of Liberalism {rPois rF+ MR- Dex+9}
rNeg   + . .     Faith    .     (shield currently unavailable)
rPois  +         Spirit   .     Z - +1 hat
rElec  .         Reflect  .     h - +0 cloak
rCorr  +         Harm     .     (gloves unavailable)
rMut   +         Clarity  +     (boots unavailable)
MR     ++...                    (no amulet)
Stlth  +++++++++.               l - ring "Ruaryrer" {rC++ rN+ AC+4 Int-2 Dex+2}
                                r - ring of Creativity {MR+ MP+9 Dex+2 Stlth+}

@: very quick
A: unfitting armour, talons 1, large bone plates 1, thin skeletal structure 1,
yellow scales 1, see invisible, clarity, fire resistance 1, herbivore 3, speed
3, slow metabolism 2, pseudopods 1, tendrils
a: Request Jelly, Slimify, Cure Bad Mutation, Renounce Religion
}: 1/15 runes: slimy


You were on level 15 of the Dungeon.
You worshipped Jiyva.
Jiyva was exalted by your worship.
You were completely stuffed.

You visited 6 branches of the dungeon, and saw 30 of its levels.
You also visited: Ice Cave.

You collected 1628 gold pieces.
You spent 939 gold pieces at shops.

Inventory:

Hand Weapons
 a - the +7 lajatang of Order (weapon) {silver, rMut}
   (You bought it in a shop on level 2 of the Orcish Mines)

   It protects you from mutation.
 b - a +2 hunting sling of flaming
 d - a +1 dagger of electrocution
 w - a +8 quarterstaff of chaos
Missiles
 n - 337 stones (quivered)
Armour
 h - a +0 cloak (worn)
 m - a +1 robe of magic resistance
 L - the +0 robe of Liberalism (worn) {rPois rF+ MR- Dex+9}
   (You found it on level 8 of the Dungeon)

   It affects your dexterity (+9).
   It protects you from fire.
   It protects you from poison.
   It affects your resistance to hostile enchantments.
 Z - a +1 hat (worn)
Rods
 J - a +1 rod of inaccuracy (12/12)
   (You found it on level 2 of the Lair of Beasts)
Jewellery
 c - an uncursed ring of flight
 l - the ring "Ruaryrer" (right hand) {rC++ rN+ AC+4 Int-2 Dex+2}
   (You found it on level 5 of the Pits of Slime)

   [ring of protection]

   It affects your AC (+4).
   It affects your intelligence (-2).
   It affects your dexterity (+2).
   It greatly protects you from cold.
   It protects you from negative energy.
 r - the ring of Creativity (left hand) {MR+ MP+9 Dex+2 Stlth+}
   (You found it on level 5 of the Pits of Slime)

   [ring of magical power]

   It affects your dexterity (+2).
   It affects your resistance to hostile enchantments.
   It affects your magic capacity (+9).
   It makes you more stealthy.
 F - an uncursed ring of protection from magic
 K - an uncursed ring of protection from fire
 S - an uncursed ring of positive energy
Wands
 e - a wand of random effects (21/48)
 A - a wand of iceblast (4/15)
 C - a wand of paralysis (0/24)
 O - a wand of iceblast (0/15)
 P - a wand of enslavement (1/24)
 Q - a wand of flame (23/48)
 R - a wand of lightning (4/15)
 W - a wand of polymorph (13/24)
Scrolls
 i - a scroll of torment {unknown}
 j - a scroll of fog
 k - 3 scrolls of magic mapping {unknown}
 u - 8 scrolls of remove curse
 y - 3 scrolls of random uselessness {unknown}
 B - 3 scrolls of amnesia
 E - a scroll of teleportation
 I - 3 scrolls of summoning {unknown}
 U - 2 scrolls of immolation {unknown}
 V - 2 scrolls of recharging {unknown}
 X - 3 scrolls of silence {unknown}
Potions
 g - 2 potions of cancellation
 o - 4 potions of flight
 s - 3 potions of brilliance
 x - 3 potions of cure mutation
 D - a potion of curing
 G - a potion of might
 M - 3 potions of agility
 Y - a potion of haste
Books
 q - a book of Debilitation

   Spells                             Type                      Level
   a - Corona                         Hexes                        1
   b - Slow                           Hexes                        2
   c - Gell's Gravitas                Hexes/Translocation          3
   d - Inner Flame                    Hexes/Fire                   3
   e - Cause Fear                     Hexes                        4
   f - Leda's Liquefaction            Hexes/Earth                  4
 v - a book of Minor Magic

   Spells                             Type                      Level
   a - Magic Dart                     Conjuration                  1
   b - Blink                          Translocation                2
   c - Call Imp                       Summoning                    2
   d - Repel Missiles                 Charms/Air                   2
   e - Slow                           Hexes                        2
   f - Conjure Flame                  Conjuration/Fire             3
   g - Mephitic Cloud                 Conjuration/Poison/Air       3
 H - a book of Necromancy

   Spells                             Type                      Level
   a - Pain                           Necromancy                   1
   b - Animate Skeleton               Necromancy                   1
   c - Vampiric Draining              Necromancy                   3
   d - Regeneration                   Charms/Necromancy            3
   e - Animate Dead                   Necromancy                   4
   f - Control Undead                 Necromancy                   4
 N - the Reference Book on Captivating Air
   (You found it on level 10 of the Dungeon)

   Spells                             Type                      Level
   a - Shock                          Conjuration/Air              1
   b - Confusing Touch                Hexes                        1
   c - Corona                         Hexes                        1
   d - Dazzling Spray                 Conjuration/Hexes            3
   e - Inner Flame                    Hexes/Fire                   3
   f - Airstrike                      Air                          4
   g - Yara's Violent Unravelling     Hexes/Transmutation          5
 T - the Compendium of the Ghastly Snowflakes
   (You found it on level 5 of the Pits of Slime)

   Spells                             Type                      Level
   a - Pain                           Necromancy                   1
   b - Corpse Rot                     Necromancy                   2
   c - Excruciating Wounds            Charms/Necromancy            5
   d - Freezing Cloud                 Conjuration/Ice/Air          6
   e - Simulacrum                     Ice/Necromancy               6
Comestibles
 f - 10 bread rations
 p - 13 fruits
 t - 2 royal jellies
 z - 8 slices of pizza


   Skills:
 + Level 7.3 Fighting
 * Level 11.9 Staves
 - Level 5.0(5.3) Slings
 - Level 2.0(3.3) Throwing
 + Level 7.4 Dodging
 * Level 19.0 Stealth
 + Level 2.8 Unarmed Combat
 - Level 5.7 Spellcasting
 - Level 3.0 Conjurations
 - Level 3.3 Summonings
 - Level 3.0 Necromancy
 - Level 3.0 Translocations
 - Level 3.3 Air Magic
 - Level 6.0 Poison Magic
 + Level 9.3 Evocations


You had 7 spell levels left.
You knew the following spells:

 Your Spells              Type           Power        Failure   Level  Hunger
a - Animate Skeleton      Necr           N/A          3%          1    None
b - Blink                 Tloc           N/A          6%          2    None
c - Mephitic Cloud        Conj/Pois/Air  ###.....     8%          3    ##.....
d - Vampiric Draining     Necr           ###.......   12%         3    ##.....
f - Freezing Cloud        Conj/Ice/Air   ##........   100%        6    #######
i - Call Imp              Summ           ###.....     4%          2    None


Dungeon Overview and Level Annotations

Branches:
Dungeon (15/15)            Temple (0/1) D:4            Lair (6/6) D:11
  Swamp (0/4) Lair:4        Snake (1/4) Lair:2        Slime (5/5) Lair:6
    Orc (2/2) D:9             Elf (0/3) Orc:2        Vaults (1/5) D:14
 Depths: D:15

Altars:
Ashenzari
Cheibriados
Dithmenos
Elyvilon
Fedhas
Hepliaklqana
Kikubaaqudgha
Okawaru
Ru
Trog
Uskayaw
Xom
Yredelemnul
Zin
Beogh
Jiyva

Shops:
Orc:2 (**(

Annotations:
D:14 2 exclusions
D:15 Rupert
Slime:5 Royal Jelly


Innate Abilities, Weirdness & Mutations

You are very small and have problems with some larger weapons.
You are too small for most types of armour.
You have supernaturally acute eyesight. (SInv)
You are a herbivore.
You cover ground extremely quickly.
You need consume almost no food.
You have sharp toenails.
You are partially covered in large bone plates. (SH +4)
You have a somewhat thin skeletal structure. (Dex +2, Stealth)
You are partially covered in yellow scales. (AC +2)
You possess an exceptional clarity of mind.
Your flesh is heat resistant. (rF+)
Armour fits poorly on your pseudopods.
You are covered in slimy tendrils that may disarm your opponents.


Message History

You bludgeon the centaur warrior.
The centaur warrior is heavily wounded.
The centaur warrior hits you.
You slash the centaur warrior! You bludgeon the centaur warrior.
The centaur warrior is severely wounded.
The centaur warrior completely misses you.
You slice the centaur warrior!!
You kill the centaur warrior!
No target in view!
A purple ugly thing comes into view.
Things that are here:
an uncursed shortbow; 13 arrows The yaktaur captain shouts!
The yaktaur captain shoots a bolt.
The bolt hits you!!
* * * LOW HITPOINT WARNING * * *
You shudder from the blast and a jelly pops out!
As you read the scroll of fog, it crumbles to dust.
The scroll dissolves into smoke.
The yaktaur captain shoots a bolt.
The bolt hits you!!
You die...

.##
##.........≈≈....#
##
###'#...#.......#
.#
#...##....#.....#..
.#
#....'..........#'#
.#
#....#.......#.....
.#
#_%###'#....[.#.c..
##
#####(.##..........
##(<(§§§.§......
#....#@§§.......
#<...#§§§J......
#######§§......#
##§§...#..
'...#.... #.#......
'........ #u.....#.
.....#..


You could see a yaktaur captain.

Vanquished Creatures
  Gastronok (D:12)
  A hydra (D:11)
  A rakshasa (D:15)
  2 vault guards (D:14)
  3 centaur warriors
  A tengu warrior (D:14)
  An orc high priest (Orc:2)
  2 death yaks (Lair:6)
  The ghost of sweetbreads the Nimble, a journeyman SpEn of Kikubaaqudgha (Lair:2)
  2 unseen horrors
  5 hill giants
  A manticore (Lair:3)
  4 orc sorcerers
  An oklob plant (Orc:1)
  An orb spider (Lair:5)
  9 ugly things
  3 black mambas
  15 spiny frogs
  2 gargoyles
  2 rime drakes
  2 centaur skeletons
  8 komodo dragons
  An efreet (D:13)
  2 yaktaurs
  A tengu conjurer (D:15)
  A freezing wraith (D:12)
  2 two-headed ogres (Orc:2)
  A hornet (Lair:5)
  9 trolls
  Grinder (D:4)
  A slime creature (shapeshifter) (D:14)
  7 hippogriffs
  11 blink frogs
  5 dream sheep (Lair:6)
  A meliai zombie (D:11)
  Sigmund (D:2)
  A water elemental (D:11)
  2 shadows
  6 wraiths
  37 yaks
  A vampire (D:15)
  A basilisk (D:15)
  4 hogs (D:7)
  A human (D:7)
  2 wyverns
  8 vampire mosquitoes
  Menkaure (D:6)
  2 wargs (Orc:2)
  A water moccasin (shapeshifter) (Lair:2)
  19 water moccasins
  A hell hound (Lair:5)
  The ghost of Grinner the Ducker, an amateur SpGl (D:4)
  9 porcupines
  15 orc warriors
  A black bear (D:12)
  9 ice beasts
  A necrophage (D:7)
  5 sky beasts
  8 ogres
  12 wolves
  7 centaurs
  15 crocodiles
  A big kobold (D:13)
  14 bullfrogs
  2 wyvern skeletons
  6 scorpions
  23 wights
  12 killer bees
  3 electric eels (D:11)
  5 crimson imps
  3 howler monkeys
  A bullfrog zombie (D:5)
  2 centaur zombies
  2 bullfrog skeletons
  4 hounds
  10 orc priests
  4 jellies
  Crazy Yiuf (D:4)
  2 iguanas
  17 orc wizards
  9 worker ants
  A hound zombie (D:11)
  8 gnolls
  16 adders
  4 shadow imps
  12 white imps (Lair:1)
  2 oozes (Lair:6)
  3 adder skeletons
  3 worms
  3 dart slugs
  5 leopard geckos
  34 orcs
  3 giant cockroaches
  9 goblins
  11 hobgoblins
  11 jackals
  15 kobolds
  8 quokkas
  4 bats
  4 frilled lizards
  A jackal skeleton (D:4)
  8 rats
568 creatures vanquished.

Vanquished Creatures (collateral kills)
  2 vault guards (D:15)
  A catoblepas (D:15)
  2 orc high priests (Orc:2)
  A wizard (D:15)
  3 orc knights
  An orc sorcerer (Orc:2)
  A centaur zombie (D:15)
  A black mamba (Lair:6)
  A spiny frog (Lair:6)
  A komodo dragon (Lair:6)
  A hippogriff (Lair:6)
  3 yaks
  A redback simulacrum (D:14)
  5 orc warriors
  A bullfrog (D:15)
  A jelly (Lair:6)
  An orc priest (D:15)
  2 orc wizards (Orc:2)
  2 oozes (Lair:6)
  An orc (Orc:2)
32 creatures vanquished.

Vanquished Creatures (others)
  2 acid blobs
  An azure jelly (Slime:5)
  2 great orbs of eyes (D:15)
  5 vault guards (D:14)
  A centaur warrior (D:13)
  5 ugly things (D:14)
  A harpy (shapeshifter) (D:14)
  An orc sorcerer (Orc:2)
  2 orc knights (Orc:2)
  A wizard (D:13)
  A manticore (D:13)
  A cyclops (D:14)
  3 spiny frogs (Lair:6)
  5 trolls (D:11)
  4 slime creatures
  A tyrant leech (Lair:6)
  2 blink frogs
  A dream sheep (Lair:6)
  A basilisk (Lair:3)
  A golden eye (Slime:1)
  3 vampire mosquitoes (Lair:6)
  A mottled dragon (D:14)
  3 nagas (Lair:2)
  2 water moccasins
  A porcupine (Lair:3)
  A black bear (D:11)
  2 sky beasts
  2 centaurs (D:11)
  2 crocodiles (Lair:6)
  3 bullfrogs
  A scorpion (D:11)
  3 electric eels
  A crimson imp (D:11)
  132 jellies
  2 orc priests
  5 orc wizards
  18 orcs
  27 fungi
  40 plants
290 creatures vanquished.

Grand Total: 890 creatures vanquished

Notes
Turn   | Place    | Note
-------+----------+-------------------------------------------
     0 | D:1      | Grinner the Spriggan Gladiator began the quest for the Orb.
     0 | D:1      | Reached XP level 1. HP: 10/10 MP: 2/2
   184 | D:1      | Reached XP level 2. HP: 11/14 MP: 3/3
   290 | D:1      | Reached skill level 1 in Stealth
   480 | D:1      | Reached skill level 2 in Stealth
   899 | D:1      | Reached XP level 3. HP: 17/18 MP: 4/4
  1804 | D:2      | Reached XP level 4. HP: 14/22 MP: 5/5
  1812 | D:2      | Reached skill level 1 in Slings
  1812 | D:2      | Reached skill level 3 in Stealth
  1951 | D:2      | Noticed Sigmund
  1959 | D:2      | Killed Sigmund
  1959 | D:2      | Reached skill level 4 in Stealth
  1959 | D:2      | Reached XP level 5. HP: 25/25 MP: 6/6
  2094 | D:2      | Found a shattered altar of Ashenzari.
  2359 | D:2      | Found a basalt altar of Yredelemnul.
  2464 | D:3      | Reached XP level 6. HP: 21/30 MP: 7/7
  2836 | D:3      | Found a shadowy altar of Dithmenos.
  2943 | D:3      | Reached skill level 5 in Stealth
  2950 | D:3      | Learned a level 2 spell: Call Imp
  2953 | D:3      | Learned a level 2 spell: Blink
  3642 | D:4      | Noticed Grinner's ghost (amateur SpGl)
  3687 | D:4      | Killed Grinner's ghost
  3993 | D:4      | Reached XP level 7. HP: 33/33 MP: 8/8
  4306 | D:4      | Reached skill level 5 in Staves
  4451 | D:4      | Noticed Grinder
  4468 | D:4      | Paralysed by Grinder for 4 turns
  4474 | D:4      | Killed Grinder
  4474 | D:4      | Reached skill level 6 in Stealth
  4858 | D:4      | Found a shimmering altar of Xom.
  4963 | D:4      | Found a staircase to the Ecumenical Temple.
  5168 | D:4      | Found a runed door.
  5172 | D:4      | Noticed Crazy Yiuf
  5186 | D:4      | Killed Crazy Yiuf
  5243 | D:5      | Entered Level 5 of the Dungeon
  5291 | D:5      | Reached skill level 5 in Slings
  5314 | D:5      | Reached XP level 8. HP: 21/37 MP: 9/9
  5608 | D:5      | Reached skill level 7 in Stealth
  5680 | D:5      | HP: 1/37 [poisoned by an orc wizard]
  5686 | D:5      | HP: 1/37 [poisoned by an orc wizard]
  6043 | D:5      | Found an iron altar of Okawaru.
  6045 | D:5      | Found a glowing silver altar of Zin.
  6115 | D:5      | Found a sacrificial altar of Ru.
  6808 | D:6      | Noticed Menkaure
  6813 | D:6      | Killed Menkaure
  6813 | D:6      | Reached skill level 8 in Stealth
  7231 | D:6      | Found an ancient bone altar of Kikubaaqudgha.
  7746 | D:6      | Found a blossoming altar of Fedhas.
  8409 | D:7      | Reached skill level 9 in Stealth
  8725 | D:7      | Reached XP level 9. HP: 27/39 MP: 10/10
  9845 | D:7      | Reached skill level 10 in Stealth
 10667 | D:8      | Learned a level 1 spell: Animate Skeleton
 10671 | D:8      | Learned a level 3 spell: Mephitic Cloud
 10744 | D:8      | Found a hide-covered altar of Uskayaw.
 10745 | D:8      | Found a snail-covered altar of Cheibriados.
 10789 | D:8      | Found a white marble altar of Elyvilon.
 10813 | D:8      | Reached skill level 1 in Translocations
 10893 | D:8      | Found a hazy altar of Hepliaklqana.
 11004 | D:8      | Reached skill level 1 in Spellcasting
 11297 | D:8      | Reached skill level 1 in Poison Magic
 11385 | D:8      | Reached skill level 1 in Necromancy
 11542 | D:8      | Got a thick robe
 11543 | D:8      | Identified the +0 robe of Liberalism {rPois rF+ MR- Dex+9} (You found it on level 8 of the Dungeon)
 11763 | D:9      | Reached skill level 1 in Conjurations
 12163 | D:9      | Reached XP level 10. HP: 7/44 MP: 14/14
 12614 | D:9      | Found a staircase to the Orcish Mines.
 12946 | D:9      | Reached skill level 11 in Stealth
 12946 | D:9      | Reached skill level 1 in Summonings
 12984 | D:9      | Reached skill level 1 in Air Magic
 13053 | D:9      | Got a crystal trident
 13054 | D:9      | Identified the +6 trident of Plague {pain, rC+ Dex+3} (You found it on level 9 of the Dungeon)
 13996 | D:10     | Entered Level 10 of the Dungeon
 14209 | D:10     | Noticed a gargoyle
 14750 | D:10     | Noticed a hill giant
 14788 | D:10     | Killed a hill giant
 15071 | D:10     | Killed a gargoyle
 15208 | D:10     | Reached XP level 11. HP: 50/50 MP: 18/18
 15261 | D:10     | Reached skill level 12 in Stealth
 15752 | D:10     | Noticed a hill giant
 15828 | D:10     | Killed a hill giant
 16463 | D:10     | Identified the Reference Book on Captivating Air
 16480 | D:10     | Noticed an unseen horror
 16519 | D:10     | Killed an unseen horror
 16519 | D:10     | Reached skill level 5 in Spellcasting
 16909 | D:11     | Noticed a six-headed hydra
 16988 | D:11     | Killed a six-headed hydra
 17261 | D:11     | Found a staircase to the Lair.
 17365 | Lair:1   | Entered Level 1 of the Lair of Beasts
 17617 | Lair:1   | Found a frozen archway.
 17837 | IceCv    | Entered an ice cave
 18316 | IceCv    | Gained mutation: Your muscles are strong. (Str +2) [potion of mutation]
 18316 | IceCv    | Gained mutation: You have a pair of small antennae on your head. [potion of mutation]
 18316 | IceCv    | Gained mutation: You evolve. [potion of mutation]
 18327 | IceCv    | Noticed a white ugly thing
 19099 | Lair:1   | Reached skill level 13 in Stealth
 19391 | Lair:1   | Gained mutation: You are partially covered in large bone plates. (SH +4) [evolution]
 20257 | Lair:2   | Noticed sweetbreads's ghost (journeyman SpEn)
 20332 | Lair:2   | Noticed a seven-headed hydra
 20444 | Lair:2   | Identified a +1 rod of inaccuracy (12/12) (You found it on level 2 of the Lair of Beasts)
 20538 | Lair:2   | Reached skill level 1 in Evocations
 20729 | Lair:3   | Reached XP level 12. HP: 50/58 MP: 21/21
 21227 | Lair:5   | Reached skill level 14 in Stealth
 21299 | Lair:6   | Entered Level 6 of the Lair of Beasts
 21347 | Lair:6   | Gained mutation: You are resistant to hostile enchantments. (MR+) [potion of beneficial mutation]
 21348 | Lair:6   | Gained mutation: You are partially covered in yellow scales. (AC +2) [potion of beneficial mutation]
 21569 | Lair:6   | Reached skill level 10 in Staves
 21732 | Lair:6   | Found a staircase to the Slime Pits.
 21798 | Slime:1  | Entered Level 1 of the Pits of Slime
 21798 | Slime:1  | Found a viscous altar of Jiyva.
 21799 | Slime:1  | Noticed an acid blob
 21799 | Slime:1  | Noticed an acid blob
 21800 | Slime:1  | Became a worshipper of Jiyva Joemm the Shapeless
 22560 | Lair:6   | Reached * piety under Jiyva
 23137 | Lair:4   | Reached skill level 5 in Fighting
 23338 | D:11     | Reached ** piety under Jiyva
 23636 | Orc:1    | Entered Level 1 of the Orcish Mines
 23712 | Orc:1    | Noticed an orc high priest
 23827 | Orc:1    | Reached *** piety under Jiyva
 23921 | Orc:1    | Reached **** piety under Jiyva
 24294 | D:10     | Lost mutation: You have a pair of small antennae on your head. [Jiyva's grace]
 24374 | D:11     | Reached ***** piety under Jiyva
 24376 | D:11     | Gained mutation: Your mind is acute. (Int +2) [Jiyva's grace]
 24586 | D:11     | Reached skill level 15 in Stealth
 25004 | D:11     | Lost mutation: You evolve. [Jiyva's grace]
 25566 | D:12     | Noticed Gastronok
 25588 | D:12     | Killed Gastronok
 26277 | D:12     | Lost mutation: Your muscles are strong. (Str +2) [Jiyva's grace]
 26304 | D:13     | Reached skill level 5 in Evocations
 26397 | D:13     | Noticed a centaur warrior
 26988 | Lair:2   | Killed sweetbreads's ghost
 26988 | Lair:2   | Reached XP level 13. HP: 40/64 MP: 22/22
 27414 | Lair:2   | Noticed an acid blob
 27414 | Lair:2   | a seven-headed hydra changed into an acid blob
 27480 | Lair:2   | Lost mutation: Your mind is acute. (Int +2) [Jiyva's grace]
 27602 | Lair:1   | Reached skill level 16 in Stealth
 27863 | Lair:2   | Reached skill level 5 in Poison Magic
 28203 | Lair:2   | Found a staircase to the Snake Pit.
 28504 | Snake:1  | Entered Level 1 of the Snake Pit
 28789 | Lair:3   | Gained mutation: Your flesh is cold resistant. (rC+) [potion of mutation]
 28789 | Lair:3   | Lost mutation: You are partially covered in yellow scales. (AC +2) [potion of mutation]
 29404 | Lair:3   | Noticed an azure jelly
 29404 | Lair:3   | an eight-headed hydra changed into an azure jelly
 29791 | Lair:4   | Gained mutation: You are partially covered in yellow scales. (AC +2) [Jiyva's grace]
 29919 | Lair:4   | Found a staircase to the Swamp.
 30447 | Lair:5   | Lost mutation: Your flesh is cold resistant. (rC+) [Jiyva's grace]
 31197 | Lair:6   | Gained mutation: You have a small jelly attached to you that may absorb incoming projectiles. [Jiyva's grace]
 32316 | Lair:1   | Reached skill level 17 in Stealth
 32419 | D:13     | Learned a level 3 spell: Vampiric Draining
 32598 | D:3      | Gained mutation: You are agile. (Dex +2) [Jiyva's grace]
 32831 | D:13     | Found a bloodstained altar of Trog.
 33326 | D:14     | Found a gate to the Vaults.
 33338 | D:14     | Noticed an azure jelly
 33338 | D:14     | a vault guard changed into an azure jelly
 33348 | D:14     | Gained mutation: Your translucent skin slightly reduces your foes' accuracy. (Stealth) [Jiyva's grace]
 33384 | D:14     | Reached skill level 5 in Dodging
 33499 | D:14     | Gained mutation: You have sharp toenails. [Jiyva's grace]
 33499 | D:14     | Reached ****** piety under Jiyva
 34062 | Lair:6   | Reached XP level 14. HP: 52/70 MP: 23/23
 34193 | Slime:5  | Entered Level 5 of the Pits of Slime
 34208 | Slime:5  | Noticed an acid blob
 34210 | Slime:5  | Noticed an acid blob
 34210 | Slime:5  | Gained mutation: Your spells are a little harder to cast, but a little more powerful. [Jiyva's grace]
 34219 | Slime:5  | Found a viscous altar of Jiyva.
 34219 | Slime:5  | Noticed an acid blob
 34219 | Slime:5  | Noticed an acid blob
 34220 | Slime:5  | Noticed the Royal Jelly
 34220 | Slime:5  | Noticed an acid blob
 34222 | Slime:5  | Lost mutation: You have sharp toenails. [Jiyva's grace]
 34224 | Slime:5  | Got an ancient bronze ring
 34228 | Slime:5  | Noticed an acid blob
 34229 | Slime:5  | Noticed an acid blob
 34231 | Slime:5  | Gained mutation: You are covered in slimy tendrils that may disarm your opponents. [Jiyva's grace]
 34242 | Slime:5  | Got a translucent platinum ring
 34249 | Slime:5  | Identified the Compendium of the Ghastly Snowflakes
 34250 | Slime:5  | Noticed an acid blob
 34250 | Slime:5  | Lost mutation: Your spells are a little harder to cast, but a little more powerful. [Jiyva's grace]
 34256 | Slime:5  | Noticed an acid blob
 34274 | Slime:5  | Got a slimy rune of Zot
 34278 | Slime:5  | Killed an acid blob
 34290 | Slime:5  | Killed an azure jelly
 34311 | Slime:1  | Identified the ring "Ruaryrer" {rC++ rN+ AC+4 Int-2 Dex+2} (You found it on level 5 of the Pits of Slime)
 34313 | Slime:1  | Identified the ring of Creativity {MR+ MP+9 Dex+2 Stlth+} (You found it on level 5 of the Pits of Slime)
 34355 | Lair:6   | Noticed an acid blob
 34355 | Lair:6   | a death yak changed into an acid blob
 34362 | Lair:6   | Reached skill level 1 in Unarmed Combat
 34455 | Lair:6   | Killed an acid blob
 34463 | Lair:6   | Learned a level 6 spell: Freezing Cloud
 34893 | Orc:2    | Entered Level 2 of the Orcish Mines
 35089 | Orc:2    | Found a roughly hewn altar of Beogh.
 35210 | Orc:2    | Found a staircase to the Elven Halls.
 35211 | Orc:2    | Gained mutation: Your flesh is heat resistant. (rF+) [Jiyva's grace]
 35285 | Orc:2    | Reached skill level 18 in Stealth
 35415 | Orc:2    | Gained mutation: You have a somewhat thin skeletal structure. (Dex +2, Stealth) [Jiyva's grace]
 35442 | Orc:2    | Found Icleam's Antique Weapon Shop.
 35467 | Orc:2    | Found Ritzy's Assorted Antiques.
 35545 | Orc:2    | Lost mutation: Your translucent skin slightly reduces your foes' accuracy. (Stealth) [Jiyva's grace]
 35567 | Orc:2    | Lost mutation: You are resistant to hostile enchantments. (MR+) [Jiyva's grace]
 35626 | Orc:2    | Found Goserr's Assorted Antiques.
 35627 | Orc:2    | Found Ufimuk's Weapon Emporium.
 35693 | Orc:2    | Bought the +7 lajatang of Order {silver, rMut} for 939 gold pieces
 35822 | Orc:2    | Gained mutation: You possess an exceptional clarity of mind. [Jiyva's grace]
 36431 | D:11     | Gained mutation: You have sharp toenails. [Jiyva's grace]
 36504 | D:11     | Noticed an azure jelly
 36504 | D:11     | an iron troll changed into an azure jelly
 36566 | D:11     | HP: 3/70 [electric eel/bolt of electricity (3)]
 37587 | D:14     | Lost mutation: You are agile. (Dex +2) [Jiyva's grace]
 38086 | Vaults:1 | Entered Level 1 of the Vaults
 38328 | D:15     | Entered Level 15 of the Dungeon
 38460 | D:15     | Noticed Rupert
 38610 | D:15     | Found a hazy altar of Hepliaklqana.
 38662 | D:15     | Lost mutation: You have a small jelly attached to you that may absorb incoming projectiles. [Jiyva's grace]
 39115 | D:14     | Gained mutation: Armour fits poorly on your pseudopods. [Jiyva's grace]
 39526 | D:15     | Reached skill level 19 in Stealth
 39537 | D:15     | Shot with a bolt by a yaktaur captain

Skill      XL: |  1  2  3  4  5  6  7  8  9 10 11 12 13 14 |
---------------+-------------------------------------------+-----
Stealth        | 2 4 5 6 9 10 11 13 15 17 19 | 19.0
Staves         | 3 4 5 7 8 9 10 11 | 11.9
Slings         | 2 3 5 |  5.0
Translocations | 3 |  3.0
Spellcasting   | 2 4 5 |  5.7
Poison Magic   | 1 2 3 4 6 |  6.0
Necromancy     | 1 2 3 |  3.0
Conjurations   | 1 2 3 |  3.0
Fighting       | 2 3 4 5 6 7 |  7.3
Summonings     | 2 3 |  3.3
Air Magic      | 2 3 |  3.3
Evocations     | 1 5 7 9 |  9.3
Dodging        | 5 7 |  7.4
Unarmed Combat | 2 |  2.8
Throwing       | |  2.0

Action                   |  1- 3 |  4- 6 |  7- 9 | 10-12 | 13-15 || total
-------------------------+-------+-------+-------+-------+-------++-------
Melee: Quarterstaff      |   128 |   121 |   384 |   539 |   605 ||  1777
       Dagger            |       |       |       |     1 |       ||     1
       Kick              |       |       |       |       |   150 ||   150
       Unarmed           |       |       |       |       |     1 ||     1
       Lajatang          |       |       |       |       |   323 ||   323
       Pseudopods        |       |       |       |       |    13 ||    13
 Fire: Hunting sling     |       |    39 |   111 |   704 |    42 ||   896
Throw: Throwing net      |       |     1 |     1 |     4 |       ||     6
 Cast: Animate Skeleton  |       |       |       |    20 |     1 ||    21
       Call Imp          |       |       |       |     6 |     8 ||    14
       Mephitic Cloud    |       |       |       |       |     3 ||     3
Invok: Request Jelly     |       |       |       |    13 |     8 ||    21
       Slimify           |       |       |       |       |    14 ||    14
Evoke: Wand              |       |       |     5 |     8 |    10 ||    23
       Rod               |       |       |       |    12 |    18 ||    30
  Use: Potion            |       |     5 |     1 |     8 |     5 ||    19
       Scroll            |       |       |    12 |    15 |    11 ||    38
 Stab: Sleeping          |     8 |     5 |    22 |    23 |    22 ||    80
       Distracted        |     1 |     1 |       |     6 |    15 ||    23
       Held in net/web   |       |       |     2 |     5 |       ||     7
       Paralysed         |       |       |     7 |     8 |     9 ||    24
       Confused          |       |       |     1 |     4 |    10 ||    15
       Petrifying        |       |       |     5 |       |     7 ||    12
       Invisible         |       |       |       |     1 |       ||     1
       Petrified         |       |       |       |     1 |     3 ||     4
  Eat: Royal jelly       |       |       |     1 |       |       ||     1
       Pizza             |       |       |     2 |       |       ||     2
       Bread ration      |       |       |     1 |     2 |       ||     3
Armor: Robe              |     9 |    15 |    16 |    22 |    65 ||   127
Dodge: Dodged            |   104 |   104 |   271 |   376 |   616 ||  1471
Block: Other             |       |       |       |    41 |   104 ||   145
